 Dungeon Sprint DCSS version 0.26-a0-661-g406de6ba63 (webtiles) character file.

Game seed: 462461375719527815

850 sahdkjhfkaj the Tainter (level 8, -3/62 HPs)
             Began as an Octopode Venom Mage on Oct 8, 2020.
             Was a Follower of Sif Muna.
             Slain by a shadow (13 damage)
             ... in the Dungeon (Sprint III: "The Ten Rune Challenge").
             The game lasted 00:02:47 (1432 turns).

sahdkjhfkaj the Tainter (Octopode Venom Mage)       Turns: 1432, Time: 00:02:47

Health: -3/62      AC:  1    Str:  7    XL:     8   Next: 1%
Magic:  19/20      EV: 13    Int: 19    God:    Sif Muna [*.....]
Gold:   18         SH:  0    Dex: 13    Spells: 10/23 levels left

rFire    . . .     SeeInvis .   (no weapon)
rCold    . . .     Faith    .   (no shield)
rNeg     . . .     Spirit   .   (helmet restricted)
rPois    .         Reflect  .   (no amulet)
rElec    .         Harm     .   (no ring)
rCorr    .         Rampage  .   (no ring)
MR       .....     NoTele   +   (no ring)
Stlth    +++.......             (no ring)
HPRegen  0.20/turn              (no ring)
MPRegen  0.17/turn              (no ring)
                                (no ring)
                                (no ring)

@: berserk cooldown, slowed, very slow
A: almost no armour, stealthy swim, amphibious, 8 rings, constrict 8, camouflage
1, gelatinous body 1
a: Channel Magic, Renounce Religion


You were in the Dungeon.
You worshipped Sif Muna.
Sif Muna was aware of your devotion.
You visited 1 branch You collected 18 gold pieces.

Inventory:

Scrolls
 a - a scroll of torment {unknown}
 f - a scroll of remove curse {unknown}
 h - a scroll of random uselessness {unknown}
 j - a scroll of immolation {unknown}
 k - a scroll of identify {unknown}
 l - a scroll of enchant armour {unknown}
Potions
 b - 2 potions of curing
 c - a potion of heal wounds
 d - a potion of haste
 e - 2 potions of magic
 g - a potion of might
 i - 2 potions of flight {unknown}
 m - 2 potions of degeneration {unknown}
 n - 4 potions of mutation


   Skills:
 + Level 8.4 Fighting
 - Level 2.0 Dodging
 - Level 2.6 Stealth
 + Level 8.1 Spellcasting
 - Level 1.0 Transmutations
 * Level 14.1 Poison Magic


You had 10 spell levels left.
You knew the following spells:

 Your Spells              Type           Power        Failure   Level
a - Sting                 Tmut/Pois      ####         1%          1
b - Ignite Poison         Fire/Tmut/Pois ####....     3%          3
c - Olgreb's Toxic Radia  Pois           ######..     1%          4
d - Poisonous Vapours     Pois/Air       ####..       1%          2
N - Confusing Touch       Hex            #.......     26%         3

Your spell library contained the following spells:

 Spells                   Type           Power        Failure   Level
 Mephitic Cloud           Conj/Pois/Air  ####....     4%          3
 Gell's Gravitas          Tloc           #.........   26%         3
 Petrify                  Tmut/Erth      #.......     58%         4
 Yara's Violent Unravell  Hex/Tmut       #.........   90%         5
 Metabolic Englaciation   Hex/Ice        #.........   94%         5


Dungeon Overview and Level Annotations

Branches:
Dungeon (1/1)

Altars:
Elyvilon
Kikubaaqudgha
Okawaru
Sif Muna
Trog
Uskayaw
Vehumet
Wu Jian
Zin
The Shining One
Beogh


Innate Abilities, Weirdness & Mutations

You cannot wear most types of armour.
You are very stealthy in the water. (Stealth+)
You are amphibious.
You can wear up to eight rings at the same time.
You can use your tentacles to constrict eight enemies at once.
Your skin changes colour to match your surroundings (Stealth+).
Your rubbery body absorbs attacks. (AC +1, EV +1)


Message History

The shadow hits you!
You barely miss the shadow. Your squeeze misses the shadow.
The shadow is heavily damaged.
The shadow hits you!
You closely miss the shadow. Your squeeze misses the shadow.
The shadow is heavily damaged.
The shadow closely misses you. The shadow hits you.
You closely miss the shadow.
The shadow is heavily damaged.
The shadow hits you!
* * * LOW HITPOINT WARNING * * *
Casting: Confusing Touch (dangerous; 26% risk of failure)
Confirm with . or Enter, or press ? or * to list all spells.
Aiming: Sting (safe; 1% risk of failure)
Press: ? - help, Shift-Dir - straight line, f - shadow
Aim: a shadow (heavily damaged)
The sting hits the shadow.
The shadow partially resists.
The shadow is heavily damaged.
The shadow hits you!
You die...

♣♣ ♣.######### .♣♣
♣♣.#___#___# ♣.♣
♣..#...#__.#
≈.♣♣♣♣.###)#'###+##
≈..♣...#..........#
≈≈♣♣♣♣.+.⌠........#
≈≈≈≈♣E.#...######'#
≈≈≈....#.⌠.# #W..#
≈≈.....#[..# #.@.#
.......#'### #...#
.......#.):# #...+
.......#___# +...#
▓▓▓▓▓▓▓▓▓▓▓▓ ▓▓▓▓▓


You could see a shadow.

Vanquished Creatures
  A deep elf mage (D)
  A jelly (D)
  Crazy Yiuf (D)
  A wizard (D)
  3 humans (D)
  A kobold demonologist (D)
  An ooze (D)
  3 rats (D)
12 creatures vanquished.

Vanquished Creatures (others)
  3 plants (D)
3 creatures vanquished.

Grand Total: 15 creatures vanquished

Notes
Turn   | Place    | Note
-------+----------+-------------------------------------------
     0 | D        | sahdkjhfkaj the Octopode Venom Mage began the quest for the
                  | Orb.
     0 | D        | Reached XP level 1. HP: 11/11 MP: 3/3
    10 | D        | Reached skill level 1 in Fighting
    10 | D        | Reached skill level 4 in Poison Magic
   325 | D        | Reached XP level 2. HP: 18/18 MP: 0/5
   379 | D        | Learned a level 2 spell: Poisonous Vapours
   404 | D        | Reached skill level 6 in Poison Magic
   404 | D        | Reached XP level 3. HP: 22/25 MP: 1/7
   514 | D        | Learned a level 3 spell: Ignite Poison
   516 | D        | Noticed Crazy Yiuf
   520 | D        | Killed Crazy Yiuf
   520 | D        | Reached skill level 7 in Poison Magic
   634 | D        | Noticed a water elemental
   652 | D        | Found a radiant altar of Vehumet.
   652 | D        | Found a shimmering blue altar of Sif Muna.
   652 | D        | Found an ancient bone altar of Kikubaaqudgha.
   652 | D        | Noticed a wizard
   655 | D        | Killed a wizard
   655 | D        | Reached XP level 4. HP: 32/33 MP: 0/10
   806 | D        | Learned a level 4 spell: Olgreb's Toxic Radiance
   809 | D        | Reached skill level 8 in Poison Magic
   882 | D        | Became a worshipper of Sif Muna the Loreminder
   890 | D        | Found a glowing silver altar of Zin.
   890 | D        | Found a glowing golden altar of the Shining One.
   890 | D        | Found a white marble altar of Elyvilon.
   890 | D        | Noticed a deep elf mage
   898 | D        | Killed a deep elf mage
   898 | D        | Reached skill level 12 in Poison Magic
   898 | D        | Reached XP level 5. HP: 4/43 MP: 0/14
   898 | D        | Reached XP level 6. HP: 4/49 MP: 0/16
   898 | D        | Reached XP level 7. HP: 5/54 MP: 0/17
  1169 | D        | Found a hide-covered altar of Uskayaw.
  1169 | D        | Found a roughly hewn altar of Beogh.
  1169 | D        | Found an iron altar of Okawaru.
  1169 | D        | Found a bloodstained altar of Trog.
  1169 | D        | Found an ornate altar of the Wu Jian Council.
  1169 | D        | Noticed a human
  1170 | D        | Noticed a human
  1172 | D        | Killed a human
  1172 | D        | Reached skill level 13 in Poison Magic
  1173 | D        | Killed a human
  1173 | D        | Reached * piety under Sif Muna
  1173 | D        | Reached skill level 14 in Poison Magic
  1344 | D        | Learned a level 3 spell: Confusing Touch
  1357 | D        | Reached XP level 8. HP: 62/62 MP: 11/20
  1410 | D        | Noticed a shadow
  1432 | D        | Slain by a shadow

Illustrated notes

Levels and vault maps discovered:
D:        dungeon_sprint_mu [sprint_mu_entry_forest, sprint_mu_temple_rooms,
          sprint_mu_d1_spiders, sprint_mu_d2_genie, sprint_mu_d3_branching,
          sprint_mu_orc_legion, sprint_mu_elf_gauntlet, sprint_mu_hive_nellie,
          sprint_mu_lair_fedhas, sprint_mu_vaults_butterflies,
          sprint_mu_slime_circle, sprint_mu_swamp_cave, sprint_mu_shoals_kraken,
          sprint_mu_blade_basic, sprint_mu_crypt_fortress,
          sprint_mu_tomb_spiral, sprint_mu_vestibule_basic,
          sprint_mu_gehenna_hellfire, sprint_mu_dis_giant,
          sprint_mu_tartarus_statrot, sprint_mu_cocytus_islands, sprint_mu_zot1]

Skill      XL: |  1  2  3  4  5  6  7 |
---------------+----------------------+-----
Fighting       | 1 2 3 7 8 |  8.4
Poison Magic   | 4 6 7 12 14 | 14.1
Spellcasting   | 3 4 7 8 |  8.1
Dodging        | |  2.0
Stealth        | |  2.6
Transmutations | |  1.0

Action                   |  1- 3 |  4- 6 |  7- 9 || total
-------------------------+-------+-------+-------++-------
Melee: Unarmed           |    11 |     5 |    14 ||    30
       Constrict         |     1 |     1 |       ||     2
       Tentacles         |       |       |     1 ||     1
 Cast: Sting             |    10 |       |     2 ||    12
       Poisonous Vapours |     5 |       |       ||     5
       Ignite Poison     |     1 |     3 |     3 ||     7
       Olgreb's Toxic Ra |       |     2 |     2 ||     4
       Confusing Touch   |       |       |     1 ||     1
  Use: Potion            |     1 |       |     1 ||     2
       Scroll            |     1 |       |       ||     1
 Stab: Confused          |       |       |     1 ||     1
Dodge: Dodged            |     5 |     2 |     6 ||    13

Table legend: (Time is in decaauts)
 A = Elapsed time spent in this place.
 B = Non-inter-level travel time spent in this place.
 C = Inter-level travel time spent in this place.
 D = Time resting spent in this place.
 E = Time spent auto-exploring this place.
 F = Levels seen in this place.
 G = Mean time per level.
                   A        B        C        D        E       F      G
               +--------+--------+--------+--------+--------+-----+--------+
         Total |   1445 |   1445 |      0 |   1035 |    194 |   1 | 1445.0 |
       Dungeon |   1445 |   1445 |      0 |   1035 |    194 |   1 | 1445.0 |
               +--------+--------+--------+--------+--------+-----+--------+

Top non-repeatable levels by time:
       D: 1445 daAuts
